AoeStats
← LyM. El Arquitecto

Migration

508991552Analyzed
1v1 RM · 6d ago on Sep 25, 2026· 38m 26s· 2 players
Game mode
Random Map
Map size
132×132
Population
200
Speed
Normal
Resources
Standard
Victory
Conquest
Starting age
Dark Age
Ending age
Imperial Age
RankedLock teamsTeams togetherTeam positionsShared explorationLock speedFull tech treeHidden civsTurbo modeCheats
Victory
Defeat
🇦🇷 Wu · Argentina
1038
+18
🇨🇦 Wu · Canada
1087
-18
:-)
4:38 Loom
6:31 Loom
10:48 Feudal Age
12:24 Wheelbarrow
11:41 Man-at-Arms
12:08 Arson
13:08 Double-Bit Axe
15:36 Forging
21:25 Castle Age
20:29 Fletching
20:50 Scale Barding Armor
21:40 Bloodlines
22:49 Husbandry
23:12 Bow Saw
26:52 Horse Collar
29:53 Elite Skirmisher
31:52 Stone Mining
32:48 Hand Cart
32:26 Fletching
32:37 Padded Archer Armor
33:55 Gold Mining
34:49 Stone Shaft Mining
34:21 Bodkin Arrow
35:37 Leather Archer Armor
36:45 Gold Shaft Mining
36:31 Red Cliffs Tactics
LyM. El Arquitecto
1:24 Loom
12:25 Feudal Age
12:53 Fishing Lines
13:13 Double-Bit Axe
16:14 Town Watch
16:26 Gold Mining
17:10 Fletching
19:31 Castle Age
21:15 Medium Warships
23:55 Gillnets
24:25 Bodkin Arrow
24:30 Padded Archer Armor
28:00 Wheelbarrow
28:13 Scale Mail Armor
28:24 Forging
27:36 Pikeman
28:17 Squires
31:31 Hand Cart
34:41 Chain Mail Armor
35:06 Iron Casting
34:54 Arson
Connection lost

Rejoining the realm…

Still unreachable

The connection could not be restored.

Session expired

The server has moved on; the page needs a fresh start.